Cogmind - Beta 11 @@@ ROGUE MODE // 2022.04.08 @ 18:25:04 Player: Momo Result: Destroyed by G-47 Trooper with Particle Gun Performance ------------- Evolutions (2) 1000 Regions Visited (5) 1000 Robots Destroyed (18) 90 Value Destroyed (365) 365 Prototype IDs (2) 40 Alien Tech Used (0) 0 Bonus (389) 389 TOTAL SCORE: 2884 Bonus ------- Follower Combat Kills 108 Aligned with FarCom 300 Friendly Fire -19 Cogmind --------- Core Integrity 0/550 Matter 193/300 Energy 100/100 System Corruption 0% Temperature Cool (9) Movement Core (50) Location -8/Materials Parts ------- > --- POWER (1) -------- (None) > --- PROPULSION (5) --- (None) > --- UTILITY (3) ------ (None) > --- WEAPON (2) ------- (None) > --- INVENTORY (5) ---- Humpback Humpback Peak State ------------ > --- POWER ------------ Light Ion Engine > --- PROPULSION ------- Wheel Compact Wheel > --- UTILITY ---------- Medium Storage Unit Trap Reconfigurator > --- WEAPON ----------- Grenade Launcher Makeshift Sword > --- INVENTORY -------- Superbattery Compact Matter Pod Improved Terrain Scanner Blade Trap Blade Trap Blade Trap Blade Trap Deploy-a-Sentry Deploy-a-Sentry Deploy-a-Sentry [Rating: 22] Favorites ----------- Power Light Ion Engine Engine Light Ion Engine Propulsion Wheel Wheel Wheel Utility Humpback Device Trap Reconfigurator Storage Humpback Protection Light Armor Plating Weapon Makeshift Sword Energy Gun Heavy EM Pulse Gun Launcher Grenade Launcher Slashing Weapon Makeshift Sword Build | -11 -10 -10 -10 -9 -8 ------- Run | Scr Mat Min Exi Min Mat Slots Evolved 4 | . . . . . 4 Power . | . . . . . . Propulsion 3 | . . . . . 3 Utility 1 | . . . . . 1 Weapon . | . . . . . . Parts Attached 22 | 6 4 5 4 . 3 Power 3 | 1 . 1 . . 1 Engine 3 | 1 . 1 . . 1 Core . | . . . . . . Reactor . | . . . . . . Propulsion 3 | 2 . 1 . . . Treads . | . . . . . . Leg . | . . . . . . Wheel 3 | 2 . 1 . . . Hover . | . . . . . . Flight . | . . . . . . Utility 8 | 1 2 2 3 . . Device 2 | . . 1 1 . . Storage 4 | 1 1 . 2 . . Processor . | . . . . . . Hackware . | . . . . . . Protection 2 | . 1 1 . . . Artifact . | . . . . . . Weapon 8 | 2 2 1 1 . 2 Energy Gun 4 | 2 2 . . . . Energy Cannon . | . . . . . . Ballistic Gun . | . . . . . . Ballistic Cannon . | . . . . . . Launcher 3 | . . . 1 . 2 Special Weapon . | . . . . . . Impact Weapon . | . . . . . . Slashing Weapon 1 | . . 1 . . . Piercing Weapon . | . . . . . . Special Melee Weapon . | . . . . . . Unidentified Prototypes 2 | . . . 2 . . Parts Lost 11 | . . 4 . . 7 Power 1 | . . . . . 1 Propulsion 3 | . . 1 . . 2 Utility 2 | . . 1 . . 1 Weapon 5 | . . 2 . . 3 Highest Loss Streak 7 | . . 3 . . 7 To Critical Strikes . | . . . . . . Average Slot Usage (%) 79 | . 98 84 88 85 49 Engine 12 | . 14 14 14 14 8 Wheel 25 | . 28 25 28 28 16 Device 1 | . . 1 3 . . Storage 12 | . 14 14 13 14 8 Protection 3 | . 13 9 2 . . Energy Gun 3 | . 27 9 . . . Launcher 8 | . . . 11 14 9 Slashing Weapon 10 | . . 8 14 14 6 Naked Turns 13 | . . . . . 13 Heaviest Build 210 | 12 22 22 208 208 210 Greatest Support 26 | 20 20 26 26 26 26 Greatest Overweight (x) 68 | . 1 1 7 7 68 Average Overweight (x) 3 | . . . 2 7 8 Largest Inventory Capacity 35 | 8 10 10 35 35 35 Average Capacity 24 | 7 9 10 22 35 34 Most Carried 30 | . 2 10 19 20 30 Average Carried 15 | . . 8 11 19 26 Final Capacity 35 | 8 10 10 35 35 5 Final Carried 20 | . 2 10 19 20 4 Class Distribution -------------------- 58% | Hauler-Mutant 41% | Mutant Dominant Class ---------------- Mutant | -10/Materials Mutant | -10/Mines Hauler-Mutant | -10/Exiles Hauler-Mutant | -9/Mines Hauler-Mutant | -8/Materials Resources | -11 -10 -10 -10 -9 -8 ----------- Run | Scr Mat Min Exi Min Mat Matter Collected 467 | 75 . 280 40 40 32 Remotely . | . . . . . . Salvage Created 309 | . 51 88 . 31 139 Parts 27 | . 7 1 . 1 18 Haulers Intercepted . | . . . . . . Recyclers Shooed . | . . . . . . Parts Field Recycled . | . . . . . . Retrieved Matter . | . . . . . . Parts Self-Destructed . | . . . . . . Prevented . | . . . . . . Kills | -11 -10 -10 -10 -9 -8 ------- Run | Scr Mat Min Exi Min Mat Combat Hostiles Destroyed 16 | . 3 5 . 1 7 Melee 5 | . . 5 . . . Guns 3 | . 3 . . . . AOE 8 | . . . . 1 7 Classes Destroyed 9 | . 1 2 . 1 5 Worker 2 | . . . . . 2 Builder 2 | . . . . . 2 Operator 1 | . . . . . 1 Watcher 1 | . . . . . 1 Swarmer 7 | . 3 . . . 4 Grunt 3 | . . . . . 3 Brawler 1 | . . . . 1 . Sentry 1 | . . 1 . . . Assembled 4 | . . 4 . . . Best Kill Streak 7 | . 2 3 . 1 7 Combat Bots Only 4 | . 2 3 . 1 4 Max Kills in Single Turn 3 | . 1 1 . 1 3 Gunslinging . | . . . . . . Exploded 2 | . . . . 1 2 Melee 1 | . . 1 . . . Uniques/NPCs Destroyed . | . . . . . . Combat | -11 -10 -10 -10 -9 -8 -------- Run | Scr Mat Min Exi Min Mat Damage Taken 1846 | . 71 528 . . 1247 Core 771 | . . 212 . . 559 Absorbed by Shields . | . . . . . . Core Remaining (%) 57 | 100 . . . 15 . Volleys Fired 24 | . 8 4 . 2 10 Largest 2 | . 2 1 . 1 2 Hottest 90 | . 90 45 . 30 60 Shots Fired 34 | . 16 4 . 2 12 Gun 20 | . 16 4 . . . Cannon . | . . . . . . Launcher 14 | . . . . 2 12 Special . | . . . . . . Kinetic . | . . . . . . Thermal . | . . . . . . Explosive 14 | . . . . 2 12 Electromagnetic 20 | . 16 4 . . . Robot Hit Streak 3 | . 2 . . . 3 Robot Miss Streak 6 | . 3 6 . . 1 Penetration Max . | . . . . . . Secondary Targets 1 | . 1 . . . . Max Gunslinging Chain 1 | . 1 . . . . Shots Hit Robots 20 | . 5 8 . . 7 Core Hits 35 | . 3 5 . 5 22 Critical Kills . | . . . . . . Critical Parts Destroyed . | . . . . . . Critical Strikes 2 | . 1 . . . 1 Corrupt 1 | . 1 . . . . Sever 1 | . . . . . 1 Melee Attacks 22 | . . 18 . . 4 Impact . | . . . . . . Slashing 22 | . . 18 . . 4 Piercing . | . . . . . . Sneak Attacks 2 | . . . . . 2 Combat Hostiles . | . . . . . . Follow-up Attacks . | . . . . . . Damage Inflicted 1626 | . 82 331 . 95 1118 Guns 82 | . 82 . . . . Cannons . | . . . . . . Explosions 999 | . . . . 95 904 Melee 545 | . . 331 . . 214 Ramming . | . . . . . . Kinetic . | . . . . . . Thermal . | . . . . . . Explosive 999 | . . . . 95 904 Electromagnetic 82 | . 82 . . . . Impact . | . . . . . . Slashing 545 | . . 331 . . 214 Piercing . | . . . . . . Highest Corruption . | . . . . . . Average Corruption . | . . . . . . Corruption Purged . | . . . . . . Corruption Blocked . | . . . . . . Overload Shots . | . . . . . . Overflow Damage 125 | . . 5 . . 120 Projectiles . | . . . . . . Explosions 59 | . . . . . 59 Melee 66 | . . 5 . . 61 Knockbacks . | . . . . . . Impact . | . . . . . . Kinetic . | . . . . . . Secondary . | . . . . . . Self-Inflicted Damage 123 | . . . . . 123 Shots 4 | . . . . . 4 Rammed . | . . . . . . Targets Rammed . | . . . . . . Kicked . | . . . . . . Crushed . | . . . . . . Highest Temperature 234 | . 234 20 . . 27 Average Temperature 74 | . 100 10 . . 14 Received Heat Transfer 346 | . . 67 . . 279 Effects 2 | . 2 . . . . Interference 2 | . 2 . . . . Siege Activations . | . . . . . . Robots Corrupted . | . . . . . . Combat Hostiles . | . . . . . . Parts Fried . | . . . . . . Impact Corruptions . | . . . . . . Robots Melted . | . . . . . . Combat Hostiles . | . . . . . . Parts Melted 1 | . . . . 1 . Heat Transferred . | . . . . . . Parts Sabotaged . | . . . . . . Parts Stolen . | . . . . . . Parts Stripped . | . . . . . . Power Chain Reactions . | . . . . . . Missiles Intercepted . | . . . . . . Alert | -11 -10 -10 -10 -9 -8 ------- Run | Scr Mat Min Exi Min Mat Peak Influence 220 | . 70 27 . 169 220 Initial 27 | . . 27 . . 7 Average 25 | . 16 16 . 15 59 Maximum Alert Level 1 | . . . . . 1 Low Security (%) 98 | 100 100 100 . 100 94 Level 1 1 | . . . . . 5 Level 2 . | . . . . . . Level 3 . | . . . . . . Level 4 . | . . . . . . Level 5 . | . . . . . . High Security . | . . . . . . Max Security . | . . . . . . Squads Dispatched 6 | . . . . 1 5 Investigation 1 | . . . . 1 . Extermination . | . . . . . . Reinforcement 5 | . . . . . 5 Assault . | . . . . . . Garrison . | . . . . . . Intercept . | . . . . . . Searches Triggered . | . . . . . . Construction Impeded 1 | . . . . . 1 Haulers Reinforced . | . . . . . . Active Scanning Responses . | . . . . . . Cargo Convoy Interrupts . | . . . . . . Stealth | -11 -10 -10 -10 -9 -8 --------- Run | Scr Mat Min Exi Min Mat Distress Signals 4 | . 1 . . . 3 Communications Jammed . | . . . . . . Distress Signals . | . . . . . . Times Spotted 50 | . 6 19 . 4 21 Peak Tracking Total 11 | . 5 11 . 2 9 Tactical Retreats 5 | . . 4 . . 1 Traps | -11 -10 -10 -10 -9 -8 ------- Run | Scr Mat Min Exi Min Mat Traps Triggered . | . . . . . . Indirectly . | . . . . . . Trap Hack Attempts . | . . . . . . Triggered . | . . . . . . Disarmed . | . . . . . . Reprogrammed . | . . . . . . Reused . | . . . . . . Traps Extracted . | . . . . . . Installed . | . . . . . . Triggered . | . . . . . . Most Traps Carried 4 | . . 4 4 4 4 Machines | -11 -10 -10 -10 -9 -8 ---------- Run | Scr Mat Min Exi Min Mat Machines Disabled 2 | . . . . . 2 Max in Single Turn 1 | . . . . . 1 Machines Sabotaged . | . . . . . . Garrisons Compromised . | . . . . . . Overloaded Fab Kills . | . . . . . . Hacking | -11 -10 -10 -10 -9 -8 --------- Run | Scr Mat Min Exi Min Mat Machines Accessed 2 | . . . . 1 1 Terminals 2 | . . . . 1 1 Fabricators . | . . . . . . Repair Stations . | . . . . . . Recycling Units . | . . . . . . Scanalyzers . | . . . . . . Garrison Access . | . . . . . . Total Hacks 7 | . . . . 2 5 Successful 1 | . . . . . 1 Failed 6 | . . . . 2 4 Catastrophic 2 | . . . . . 2 Database Lockouts . | . . . . . . Manual 8 | . . . 1 2 5 Terminals 7 | . . . . 2 5 Fabricators . | . . . . . . Repair Stations . | . . . . . . Recycling Units . | . . . . . . Scanalyzers . | . . . . . . Garrison Access . | . . . . . . Terminal Hacks 1 | . . . . . 1 Part Schematic 1 | . . . . . 1 Fabricator Hacks . | . . . . . . Repair Station Hacks . | . . . . . . Recycling Unit Hacks . | . . . . . . Scanalyzer . | . . . . . . Garrison Access Hacks . | . . . . . . Unauthorized Hacks . | . . . . . . Terminals . | . . . . . . Fabricators . | . . . . . . Repair Stations . | . . . . . . Recycling Units . | . . . . . . Scanalyzers . | . . . . . . Garrison Access . | . . . . . . Data Cores Recovered . | . . . . . . Used . | . . . . . . Hacking Detections 2 | . . . . 1 1 Full Trace Events 2 | . . . . 1 1 Feedback Events . | . . . . . . Feedback Blocked . | . . . . . . Robot Schematics Acquired . | . . . . . . Robots Built . | . . . . . . Authchips . | . . . . . . Time . | . . . . . . Total Robot Build Rating . | . . . . . . Part Schematics Acquired 1 | . . . . . 1 Parts Built . | . . . . . . Authchips . | . . . . . . Time . | . . . . . . Total Part Build Rating . | . . . . . . Parts Repaired . | . . . . . . Time . | . . . . . . Parts Recycled . | . . . . . . Recycled Matter . | . . . . . . Retrieved Matter . | . . . . . . Retrieved Components . | . . . . . . Parts Scanalyzed . | . . . . . . Part Schematics Acquired . | . . . . . . Parts Damaged . | . . . . . . Bothacking | -11 -10 -10 -10 -9 -8 ------------ Run | Scr Mat Min Exi Min Mat Used RIF Installer . | . . . . . . Robots Hacked . | . . . . . . Non-combat . | . . . . . . Combat . | . . . . . . Robot Hacks Applied . | . . . . . . Relay Couplers Released . | . . . . . . Fabnet Peak Effective % . | . . . . . . Robots Rewired . | . . . . . . Allies Hacked . | . . . . . . Hacks Repelled . | . . . . . . Allies | -11 -10 -10 -10 -9 -8 -------- Run | Scr Mat Min Exi Min Mat Total Allies 3 | . . . . 3 . Largest Group 3 | . . . . 3 3 Highest-Rated Group 40 | . . . . 40 40 Highest-Rated Ally 16 | . . . . 16 16 Total Orders . | . . . . . . Ally Attacks 29 | . . . . 16 13 Total Damage 488 | . . . . 202 286 Kills 5 | . . . . 4 1 Allies Corrupted . | . . . . . . Allies Melted 1 | . . . . . 1 Turrets Deployed 1 | . . . . . 1 Intel | -11 -10 -10 -10 -9 -8 ------- Run | Scr Mat Min Exi Min Mat Robot Analysis Total . | . . . . . . Derelict Logs Recovered 4 | . . 3 . 1 . Drone Launches . | . . . . . . Drone Recoveries . | . . . . . . Exploration | -11 -10 -10 -10 -9 -8 ------------- Run | Scr Mat Min Exi Min Mat Turns Passed 2981 | 34 163 733 539 953 559 Spaces Moved 2046 | 33 144 731 422 483 233 Core 3 | 2 . . . . 1 Treads . | . . . . . . Legs . | . . . . . . Wheels 2043 | 31 144 731 422 483 232 Hover . | . . . . . . Flight . | . . . . . . Fastest Speed 50 | 50 80 80 90 195 195 Average Speed 137 | 78 90 91 122 195 223 Slowest Speed 3450 | 80 95 95 195 195 3450 Overloaded Moves . | . . . . . . Propulsion Burnouts . | . . . . . . Robots Hopped . | . . . . . . Cave-ins Triggered . | . . . . . . Exploration Rate (%) 58 | 3 40 97 84 99 29 Regions Visited 5 Branch Regions 3 Pre-discovered Areas 1 | . . . . 1 . Known Exits Taken . | . . . . . . Unknown Exits Taken 5 | 1 1 1 1 1 . Scrap Searched 2 | . . 1 . 1 . Spaces Dug 1 | . . 1 . . . Terrain Destroyed 76 | . . 1 . 19 56 Melee 1 | . . 1 . . . Projectile . | . . . . . . AOE 75 | . . . . 19 56 Terrain Rammed . | . . . . . . Walls Destroyed . | . . . . . . Machines Disabled . | . . . . . . Actions | -11 -10 -10 -10 -9 -8 --------- Run | Scr Mat Min Exi Min Mat Total 2169 | 38 160 769 449 493 260 Wait 8 | . . . . 8 . Move 2041 | 32 143 730 421 482 233 Hop . | . . . . . . Pick Up 36 | . 2 10 14 1 9 Fast Attach 13 | 6 2 2 3 . . Attach 3 | . . 1 1 . 1 Detach 1 | . . . 1 . . Swap 6 | . 2 2 . . 2 Drop 15 | . 3 2 9 . 1 Fire 24 | . 8 4 . 2 10 Melee 22 | . . 18 . . 4 Ram . | . . . . . . Kick . | . . . . . . Crush . | . . . . . . Escape Stasis . | . . . . . . Rewire . | . . . . . . Trap . | . . . . . . Miscellaneous . | . . . . . . Route ------- -11/Scrapyard -10/Materials -10/Mines (discovered 2 exits: [*Mat] / *Exi) -10/Exiles -9/Mines (discovered 2 exits: *Mat x2) -8/Materials (discovered 2 exits: Fac x2) History --------- Turn | Location | Event 25 | -11/Scrapyard | Discovered new exit (range 12) 35 | -11/Scrapyard | Entered Materials 160 | -10/Materials | Discovered new exit (range 14) 198 | -10/Materials | Entered Mines 231 | -10/Mines | YI-UF0 nonchalantly dropped a Grenade Launcher on the ground 247 | -10/Mines | Learned 2 Materials zone layouts 311 | -10/Mines | Build established: Mutant 390 | -10/Mines | Found a hidden stash of uninstalled traps 406 | -10/Mines | Discovered new exit (range 5) 426 | -10/Mines | Assembled infested the area 428 | -10/Mines | A weapon hastily lodged in a ceiling crevice suddenly fell to the ground 440 | -10/Mines | Learned 8 Materials zone layouts 453 | -10/Mines | Learned 2 Materials zone layouts 498 | -10/Mines | Core integrity fell below 50% 510 | -10/Mines | Lost 3 parts (1n1u1w) 794 | -10/Mines | Joined a pair of Derelicts in attacking an 0b10 outpost 802 | -10/Mines | Core integrity fell below 20% 927 | -10/Mines | Deemed a non-threat by the Exiles lab entrance 927 | -10/Mines | Discovered new exit (range 5) 931 | -10/Mines | Entered Exiles 954 | -10/Exiles | Met 8R-AWN 968 | -10/Exiles | Met EX-HEX 995 | -10/Exiles | Met EX-BIN 1009 | -10/Exiles | Aligned with FarCom system 1010 | -10/Exiles | Given EX-Vault access code 1031 | -10/Exiles | Opened EX-Vault 1036 | -10/Exiles | Found Prototype Storage 1036 | -10/Exiles | Identified Superbattery 1040 | -10/Exiles | Found Prototype Device 1040 | -10/Exiles | Identified Trap Reconfigurator 1044 | -10/Exiles | Found Deploy-a-Sentry 1046 | -10/Exiles | Found Deploy-a-Sentry 1049 | -10/Exiles | Found Deploy-a-Sentry 1070 | -10/Exiles | Warned to stay clear of 0b10 Research branches 1094 | -10/Exiles | Met EX-DEC 1125 | -10/Exiles | Visited The Gauntlet 1443 | -10/Exiles | Discovered new exit (range 15) 1470 | -10/Exiles | Stole three prototypes: Deploy-a-Sentry, Trap Reconfigurator, Superbattery 1470 | -10/Exiles | Entered Mines 1484 | -9/Mines | Learned location of Storage (-8) 1493 | -9/Mines | Build established: Hauler-Mutant 1660 | -9/Mines | Discovered new exit (range 8) 1755 | -9/Mines | Assisted by bots powering up and referring to "LRC-V3" 2032 | -9/Mines | Discovered new exit (range 15) 2106 | -9/Mines | Received a Rocket Launcher from a helpful Derelict 2423 | -9/Mines | Entered Materials 2423 | -8/Materials | Accompanied by 3 allies 2423 | -8/Materials | Evolved 4 slots: Propulsion x3, Utility x1 2424 | -8/Materials | Identified exit to Factory 2953 | -8/Materials | DAS Turret deployed 2975 | -8/Materials | Core integrity fell below 50% 2980 | -8/Materials | Core integrity fell below 20% 2982 | -8/Materials | Destroyed by G-47 Trooper with Particle Gun Last Messages --------------- 02972_ U-05 Engineer builds a Door. 02972_ U-05 Engineer lays Concrete. 02972_ Slug penetrates G-47 Trooper. 02973_ U-05 Engineer lays Concrete. 02973_ H-61 Shepherd calls for reinforcements. 02973_ ALERT: Suspicious intruders detected, dispatching Cutter reinforcements to area. 02973_ U-05 Engineer builds a Wall. 02974_ U-05 Engineer lays Concrete. 02974_ Knocked back. 02975_ U-05 Engineer lays Concrete. 02975_ U-05 Engineer builds a Wall. 02976_ U-05 Engineer lays Concrete. 02977_ R-06 Scavenger collects Com. Matter Pod. 02977_ U-05 Engineer lays Concrete. 02978_ Slug penetrates Wall. 02978_ U-05 Engineer builds a Wall. 02978_ U-05 Engineer lays Concrete. 02981_ Slug penetrates Wall. 02981_ U-05 Engineer lays Concrete. Map ----- +----------------------------------------------------+ | """ !! ?????????????????????? | | Y" !!! ??????????????????????? | | """ !^ ##??????????????????????? | | ^ "???????????????????????? | | #???????????????????????? | | [[= # ??????????????????????? | | [== # ??????????????????????? | | [== # ??????????????????????? | | ??????????????????????? | | #### ????????????Y?????????? | | # ?????????????c????????? | | ??????????????????????? | | ^%%%# ##????????????????????? | | ######+#/# ########?????#???????? | | # u = # #???? #???????? | | # w # #??? #???????? | | # % # #?? ###?????? | | # u # """ #? ??????? | | # """ r #%""" # ????????? | | # """"" r %# """ # ??????????? | | # """"" h%#]u + ???????????? | | # """"" " H #&""" #?????????????? | | # """ """ !#Y&"" #?????????????? | | """ # !!%!gg""!#?????????????? | | "T" ##### #########/[!%%Yu## ## #???? | | ? #???##????????#[#%@!/&## ## #???? | | #?????????????########## ## #???? | | ???????????????# + ##+##### | | """ ???????????????# """"" # # # | | "??????????????????# """"" # # # | | ?????????????????????# """"" # # # | | ?????????????????????# # # """# | | ?????????????????????# """"" # # """# | | ?????????????????????# """"" # # """# | | ?????????????????????# """"" # # """# | | ?????????????????????# # + # | | ?????????????????????########## # """# | | ???????????????????##########?# # """# | | ??????????????????? T #####+### """# | | ??????????????????? """ # "T" ## """# | | ??????????????????? """ # ## # | | ??????????????????? """ # ## # | | ??????????????????? # ######### | | ??????????????????? ##+#####???????? | | ??????????????????? ## #########???? | | ??????????????????? ## # #???? | | ???????????????????####+###+## # #???? | | ?????????????????????# + #???? | | ???????????????????### #####+#########???? | | """ # + # #??????????? | +----------------------------------------------------+ Best States ------------- Heat Dissipation 31 Energy Generation 14 Energy Capacity 140 Matter Stores 300 Matter Capacity 300 Sight Range 16 Terrain Scan Range 16 Terrain Scan Density 10 Armor Coverage 150 Evasion (%) 50 Item Schematics ----------------- Hacking Suite | -8/Materials | Hacked Robot Schematics ------------------ None Fabricated ------------ Nothing Alien Tech Used ----------------- None Achievements -------------- None Challenges ------------ None Game ------ Seed GrapheneTrapTearclaws Manual? 0 Play Time 00:26:00 Cumulative 219.7 hours Start 2022.04.08 @ 13:41:40 End 2022.04.08 @ 18:25:04 Sessions 1 Manual Loads 0 Difficulty Rogue Special Mode None Game No. 103 Rogue 99 Adventurer 0 Explorer 4 Win Type - Total 13 Types 4/0/2/2/1/2/2/0/0 Lore% 68 Gallery% 74 Achievement% 67 Wizard Run 0 Options --------- ASCII 0 Keyboard 0 Movement Mouse Keybinds 0 Fullscreen 1 Font 18/SmallcapsGlow Map View 76x50 Tactical HUD 1 Map Filters NONE Filters NONE Steam 1 RUN: 70377a31-42f4-464a-9682-4ca84a135c8a